 Dungeon Crawl Stone Soup version 0.26-b1-57-gb162d0664a (webtiles) character file.

Game seed: 12278629933168240925

140 barott the Shield-Bearer (level 5, -8/33 HPs)
             Began as a Gargoyle Fighter on Jan 8, 2021.
             Killed by divine providence
             ... invoked by an orc priest
              (16 damage)
             ... on level 3 of the Dungeon.
             The game lasted 00:09:28 (2925 turns).

barott the Shield-Bearer (Gargoyle Fighter)         Turns: 2925, Time: 00:09:28

Health: -8/33      AC: 17    Str: 20    XL:     5   Next: 22%
Magic:  14/14      EV:  5    Int:  9    God:
Gold:   221        SH:  9    Dex:  9    Spells: 4/4 levels left

rFire    . . .     SeeInvis .   a - +0 flail
rCold    . . .     Faith    .   c - +0 kite shield
rNeg     + . .     Spirit   .   k - +0 chain mail
rPois    ∞         Reflect  .   v - +0 helmet (curse)
rElec    +         Harm     .   m - +0 cloak
rCorr    .         Rampage  .   p - +0 pair of gloves
Will     .....                  (no boots)
Stlth    ..........             (no amulet)
HPRegen  0.11/turn              e - ring of magical power
MPRegen  0.14/turn              (no ring)

@: mighty
A: negative energy resistance 1, electricity resistance, unbreathing,
petrification resistance, miasma immunity, AC +4
a: no special abilities


You were on level 3 of the Dungeon.
You visited 1 branch of the dungeon, and saw 3 of its levels.

You collected 221 gold pieces.

Inventory:

Hand Weapons
 a - a +0 flail (weapon)
Armour
 b - a +0 scale mail
 c - a +0 kite shield (worn)
 k - a +0 chain mail (worn)
 m - a +0 cloak (worn)
 p - a +0 pair of gloves (worn)
 v - a cursed +0 helmet (worn)
Jewellery
 e - a ring of magical power (left hand)
 r - an uncursed ring of wizardry {unknown}
Wands
 q - a wand of paralysis (13)
Scrolls
 f - 2 scrolls of identify {unknown}
 g - a scroll of magic mapping {unknown}
 h - a scroll of teleportation {unknown}
 i - a scroll of enchant armour {unknown}
 j - 4 scrolls of remove curse {unknown}
 n - a scroll of amnesia {unknown}
 o - a scroll of blinking {unknown}
 s - a scroll of immolation {unknown}
Potions
 l - 4 potions of curing {unknown}
 t - a potion of lignification {unknown}
 u - a potion of brilliance {unknown}
 w - a potion of berserk rage {unknown}
 x - a potion of degeneration {unknown}


   Skills:
 + Level 3.7 Fighting
 + Level 3.4 Maces & Flails
 + Level 4.1 Armour
 + Level 0.8 Dodging
 + Level 0.1 Stealth
 + Level 4.2 Shields


You had 4 spell levels left.
You didn't know any spells.
Your spell library was empty.

Dungeon Overview and Level Annotations

Branches:
Dungeon (3/15)

Altars:
Dithmenos


Innate Abilities, Weirdness & Mutations

You are resistant to torment.
Your stone body is resilient. (AC +4)
You are immune to poison.
You resist negative energy. (rN+)
You are resistant to electric shocks. (rElec)
You can survive without breathing.
You are immune to petrification.
You are immune to miasma.


Message History

The orc priest is heavily wounded.
The orc priest mumbles some strange prayers to Beogh against you.
Beogh smites you!
* * * LOW HITPOINT WARNING * * *
The orc priest hits you but does no damage.
You hear a shout!
You feel very mighty all of a sudden.
The orc priest begins to cast a cantrip, but forgets the words!
The orc priest calls down the wrath of Beogh upon you.
Pain shoots through your body!
* * * LOW HITPOINT WARNING * * *
You closely miss the orc priest.
The orc priest is heavily wounded.
The orc priest hits you but does no damage. x2
You completely miss the orc priest.
The orc priest is heavily wounded.
You block the orc priest's attack.
The orc priest invokes the aid of Beogh against you.
Beogh smites you!
You die...

## #..##.#########
#....... ##.##(#
#######....... #.##.#
#......#+#####
#.##'######............#
#........##............#
#........##............#
#........#########.#####
#........# #...#
#......@.# #.###
#......oo#######.#
#...>[...o.......#
#........#####.######
#........#..........#
##########.#.#.####.#
#.....# #.# ###.### #.#
#.# #.#


You could see 2 orc priests and an orc.

Vanquished Creatures
  Robin (D:3)
  2 adders
  An ooze (D:2)
  3 worms (D:2)
  2 leopard geckos
  8 orcs
  6 bats
  16 goblins
  11 hobgoblins
  9 jackals (D:1)
  6 kobolds
  A quokka (D:2)
  4 frilled lizards
  10 rats
80 creatures vanquished.

Notes
Turn   | Place    | Note
-------+----------+-------------------------------------------
     0 | D:1      | barott the Gargoyle Fighter began the quest for the Orb.
     0 | D:1      | Reached XP level 1. HP: 14/14 MP: 1/1
    33 | D:1      | Reached XP level 2. HP: 16/19 MP: 2/2
   636 | D:1      | Reached XP level 3. HP: 23/23 MP: 3/3
   878 | D:2      | You fall into a shaft and drop 1 floor!
  1224 | D:2      | Reached XP level 4. HP: 28/28 MP: 4/4
  2057 | D:3      | Noticed Robin
  2172 | D:3      | Killed Robin
  2209 | D:3      | Reached XP level 5. HP: 31/33 MP: 5/5
  2318 | D:3      | Found a shadowy altar of Dithmenos.
  2925 | D:3      | Killed from afar by an orc priest

Illustrated notes

Levels and vault maps discovered:
D:1:      mrwooster_arrival_statue_3, layout_basic, lemuel_another_geyser
D:2:      minmay_chambers_of_twos, layout_basic
D:3:      layout_basic, grunt_dithmenos_smoke_and_mirrors, grunt_ministairs_10,
          uniq_robin

Skill      XL: |  1  2  3  4  5 |
---------------+----------------+-----
Maces & Flails | 3 |  3.4
Shields        | 4 |  4.2
Armour         | 4 |  4.1
Fighting       | |  3.7
Dodging        | |  0.8
Stealth        | |  0.1

Action                   |  1- 3 |  4- 6 || total
-------------------------+-------+-------++-------
Melee: Flail             |   167 |   164 ||   331
  Use: Potion            |       |     1 ||     1
Armor: Scale mail        |    37 |       ||    37
       Chain mail        |    73 |   121 ||   194
Dodge: Dodged            |    50 |    43 ||    93
Block: Kite shield       |    91 |    97 ||   188
